Connexion

Griffins vs Wild

Created - 2 août 2023 at 08:16

Goals
1 2 3 T
Griffins 0 1 2 3
Wild 2 3 0 5
Shots
1 2 3 T
Griffins 7 6 7 20
Wild 19 12 12 43

GoalsPenalties
1st period
1. Wild , Ryan Kuffner 1 (Ben Thomas 1, Lukas Jasek 1) at 6:31
2. Wild , Joseph Gambardella 1 (Ben Gleason 2, Jeremy Gregoire 1) at 7:52 (PP)
Alexander True (GRG) for Holding (Minor) at 7:47
Gabriel Carlsson (GRG) for Tripping (Minor) at 14:00
2nd period
3. Wild , Kasper Bjorkqvist 2 (Jalen Chatfield 6) at 0:41
4. Wild , Jeremy Gregoire 3 (Eemeli Rasanen 1) at 11:58
5. Wild , Nikita Jevpalovs 1 (Ben Gleason 3, Connor Hobbs 3) at 16:33
6. Griffins , Pavel Dorofeyev 1 (Jacob Larsson 2, Tyler Benson 1) at 17:22
Jake Walman (GRG) for Tripping (Minor) at 18:01
3rd period
7. Griffins , Adam Brooks 1 (Sasha Chmelevski 1, Dylan Coghlan 2) at 6:53
8. Griffins , Drew O'Connor 2 (Nick Merkley 2, Alexander True 2) at 17:01
Jeremy Gregoire (IOW) for High sticking (Minor) at 12:48
Drew O'Connor (GRG) for Tripping (Minor) at 12:48
Goalie Stats
Justus Annunen (GRG), 38 saves from 43 shots - (0,884), L, 1-1-1, 60:00 minutes
Shane Starrett (IOW), 17 saves from 20 shots - (0,850), W, 3-0-1, 60:00 minutes
3 StarsOfficial
1 - Jeremy Gregoire (IOW)
2 - Kasper Bjorkqvist (IOW)
3 - Joseph Gambardella (IOW)
Referees : Frederick L'Ecuyer and Kyle Rehman
Linesman : Don Henderson and Derek Amell
Game Note
No Game Note
Finance
Level 1 -- Attendance: 1511 (75,55%) -- Ticket Income 60 440 $
Level 2 -- Attendance: 725 (72,50%) -- Ticket Income 14 500 $
Total Attendance: 2236 (74,53%)
Total Ticket Income: 74 940 $
Other Income: 14 988 $
Total Income: 89 928 $



Team Name Goals Shots Shots Attemp Shots Blocked PIM HIT PP PK FO%
Griffins 32044108370 / 0 (0,00%138%
Wild 5438262211 / 3 (33%)062%

Griffins
Player Name POS G A P +/- PIM HIT SHT SB MP PP MP PP SHT PK MP PK SHT FO% FOT
A.J. GreerLW000-1072014:240:0002:3900% 1
Adam BrooksC101-1011014:460:0003:01025% 16
Alexander TrueC011-1241015:450:0000:00044% 18
Drew O'ConnorLW101-1213215:100:0001:0000% 1
Dylan CoghlanD0110020219:290:0000:0000% 0
Fillip ZadinaRW0000012014:530:0000:00067% 3
Gabriel CarlssonD0000230020:150:0001:2000% 0
Jack AhcanD000-1000220:210:0002:0300% 0
Jacob LarssonD0110010120:250:0001:2900% 0
Jake WalmanD000-1230118:450:0001:1400% 0
Marc McLaughlinC0000001114:450:0000:26042% 12
Nick MerkleyRW011-1031014:350:0000:0000% 1
Parker WotherspoonD0000060020:430:0002:0000% 0
Pavel DorofeyevLW/RW1011012013:430:0000:0000% 1
Sasha ChmelevskiC/RW011-1003112:460:0000:00050% 2
Tanner LaczynskiC0001001014:430:0001:00047% 19
Teddy BluegerC/LW0000030014:430:0000:00050% 2
Tyler BensonLW0111013013:430:0000:0000% 2
Wild
Player Name POS G A P +/- PIM HIT SHT SB MP PP MP PP SHT PK MP PK SHT FO% FOT
Anthony LouisC/LW000-1013017:151:5410:0000% 0
Antti SuomelaC000-2012010:200:0000:00057% 7
Ben GleasonD0220004119:282:2930:0000% 0
Ben ThomasD0112002117:010:0000:0000% 0
Connor HobbsD0110042119:282:2910:0000% 0
Danick MartelC/LW000-1002017:151:5400:00063% 24
Dillon SimpsonD000-1010023:311:3400:0000% 0
Eemeli RasanenD0112010117:010:0000:0000% 0
Grant MismashLW000-200009:140:0000:0000% 0
Ivan LodniaRW000-201009:140:0000:0000% 1
Jalen ChatfieldD011-1042223:311:3410:0000% 0
Jeremy GregoireC/LW/RW1122233019:202:0900:00062% 26
Joseph GambardellaC/LW1012014021:042:0930:000100% 1
Kasper BjorkqvistLW/RW1012024019:212:0910:00080% 5
Lukas JasekC/RW0112001013:040:0000:00058% 12
Michael MerschLW/RW000-1026017:151:5420:0000% 1
Nikita JevpalovsLW/RW1012001012:110:0000:000100% 1
Ryan KuffnerLW1012007012:270:0000:0000% 0



Play-by-Play

1st period


0:01 of 1st period - Jeremy Gregoire wins face-off versus Marc McLaughlin in neutral zone.
0:20 of 1st period - Icing by Kasper Bjorkqvist.
0:21 of 1st period - Jeremy Gregoire wins face-off versus Tanner Laczynski in Wild zone.
0:35 of 1st period - Kasper Bjorkqvist is hit by Jake Walman and loses puck.
1:17 of 1st period - Jeremy Gregoire is hit by Nick Merkley and loses puck.
1:32 of 1st period - Shot by Alexander True.
1:32 of 1st period - Stopped by Shane Starrett with a rebound.
1:34 of 1st period - Shot by Alexander True.
1:34 of 1st period - Shot Misses the Net.
1:36 of 1st period - Shot by Parker Wotherspoon.
1:36 of 1st period - Shot Misses the Net.
1:49 of 1st period - Icing by Jeremy Gregoire.
1:50 of 1st period - Adam Brooks wins face-off versus Kasper Bjorkqvist in Wild zone.
1:59 of 1st period - Icing by Jacob Larsson.
2:00 of 1st period - Sasha Chmelevski wins face-off versus Danick Martel in Griffins zone.
2:23 of 1st period - Shot by Anthony Louis.
2:23 of 1st period - Stopped by Justus Annunen with a rebound.
2:37 of 1st period - Shot by Michael Mersch.
2:37 of 1st period - Stopped by Justus Annunen without a rebound.
2:38 of 1st period - Fillip Zadina wins face-off versus Lukas Jasek in Griffins zone.
2:47 of 1st period - Shot by Fillip Zadina.
2:47 of 1st period - Stopped by Shane Starrett with a rebound.
3:43 of 1st period - Shot by Drew O'Connor.
3:43 of 1st period - Stopped by Shane Starrett without a rebound.
3:44 of 1st period - Tanner Laczynski wins face-off versus Danick Martel in Wild zone.
3:56 of 1st period - Tanner Laczynski is hit by Connor Hobbs and loses puck.
4:49 of 1st period - Shot by Jalen Chatfield.
4:49 of 1st period - Stopped by Justus Annunen without a rebound.
4:50 of 1st period - Kasper Bjorkqvist wins face-off versus Drew O'Connor in Griffins zone.
5:25 of 1st period - Icing by Joseph Gambardella.
5:26 of 1st period - Marc McLaughlin wins face-off versus Jeremy Gregoire in Wild zone.
6:05 of 1st period - Icing by Fillip Zadina.
6:06 of 1st period - Danick Martel wins face-off versus Marc McLaughlin in Griffins zone.
6:15 of 1st period - Shot by Michael Mersch.
6:15 of 1st period - Stopped by Justus Annunen with a rebound.
6:17 of 1st period - Shot by Connor Hobbs.
6:17 of 1st period - Stopped by Justus Annunen with a rebound.
6:23 of 1st period - Shot by Danick Martel.
6:23 of 1st period - Stopped by Justus Annunen with a rebound.
6:25 of 1st period - Shot by Anthony Louis.
6:25 of 1st period - Stopped by Justus Annunen without a rebound.
6:26 of 1st period - Lukas Jasek wins face-off versus Sasha Chmelevski in Griffins zone.
6:31 of 1st period - Shot by Ryan Kuffner.
6:31 of 1st period - Goal by Ryan Kuffner - Griffins : 0 - Wild : 1.
6:32 of 1st period - Nikita Jevpalovs wins face-off versus Adam Brooks in neutral zone.
7:07 of 1st period - Adam Brooks is hit by Jalen Chatfield and loses puck.
7:29 of 1st period - Icing by Ben Gleason.
7:30 of 1st period - Danick Martel wins face-off versus Alexander True in Wild zone.
7:40 of 1st period - Connor Hobbs is hit by Alexander True and loses puck.
7:47 of 1st period - Minor Penalty to Alexander True for Holding.
7:48 of 1st period - Jeremy Gregoire wins face-off versus Adam Brooks in Griffins zone.
7:48 of 1st period - Jeremy Gregoire is hit by Parker Wotherspoon.
7:50 of 1st period - Shot by Ben Gleason.
7:50 of 1st period - Shot Misses the Net.
7:52 of 1st period - Shot by Joseph Gambardella.
7:52 of 1st period - Goal by Joseph Gambardella - Griffins : 0 - Wild : 2.
7:53 of 1st period - Tanner Laczynski wins face-off versus Jeremy Gregoire in neutral zone.
8:13 of 1st period - Tanner Laczynski is hit by Kasper Bjorkqvist and loses puck.
9:34 of 1st period - Drew O'Connor is hit by Dillon Simpson and loses puck.
9:50 of 1st period - Shot by Fillip Zadina.
9:50 of 1st period - Shot Misses the Net.
10:00 of 1st period - Antti Suomela is hit by Teddy Blueger and loses puck.
10:09 of 1st period - Shot by Marc McLaughlin.
10:09 of 1st period - Stopped by Shane Starrett without a rebound.
10:10 of 1st period - Danick Martel wins face-off versus A.J. Greer in Wild zone.
10:25 of 1st period - Shot by A.J. Greer.
10:25 of 1st period - Stopped by Shane Starrett without a rebound.
10:26 of 1st period - Jeremy Gregoire wins face-off versus Tyler Benson in Wild zone.
10:43 of 1st period - Shot by Joseph Gambardella.
10:43 of 1st period - Shot Misses the Net.
10:50 of 1st period - Icing by Jacob Larsson.
10:51 of 1st period - Danick Martel wins face-off versus Tanner Laczynski in Griffins zone.
11:10 of 1st period - Icing by Danick Martel.
11:11 of 1st period - Danick Martel wins face-off versus Fillip Zadina in Wild zone.
11:11 of 1st period - Ben Gleason is hit by Teddy Blueger and loses puck.
11:46 of 1st period - Anthony Louis is hit by Parker Wotherspoon and loses puck.
12:12 of 1st period - Shot by Joseph Gambardella.
12:12 of 1st period - Shot Misses the Net.
13:04 of 1st period - Icing by Jeremy Gregoire.
13:05 of 1st period - Kasper Bjorkqvist wins face-off versus Alexander True in Wild zone.
13:09 of 1st period - Icing by Jeremy Gregoire.
13:10 of 1st period - Jeremy Gregoire wins face-off versus Alexander True in Wild zone.
13:10 of 1st period - Jeremy Gregoire is hit by Nick Merkley.
13:22 of 1st period - Off-side.
13:23 of 1st period - Lukas Jasek wins face-off versus Adam Brooks in neutral zone.
13:26 of 1st period - Shot by Ryan Kuffner.
13:26 of 1st period - Shot Hit the Post.
14:00 of 1st period - Minor Penalty to Gabriel Carlsson for Tripping.
14:01 of 1st period - Adam Brooks wins face-off versus Danick Martel in Griffins zone.
14:12 of 1st period - Shot by Anthony Louis.
14:12 of 1st period - Stopped by Justus Annunen without a rebound.
14:13 of 1st period - Danick Martel wins face-off versus Adam Brooks in Griffins zone.
14:32 of 1st period - Shot by Michael Mersch.
14:32 of 1st period - Stopped by Justus Annunen with a rebound.
14:34 of 1st period - Shot by Ben Gleason.
14:34 of 1st period - Shot Blocked by Jack Ahcan.
14:36 of 1st period - Shot by Ben Gleason.
14:36 of 1st period - Stopped by Justus Annunen without a rebound.
14:37 of 1st period - Jeremy Gregoire wins face-off versus Tanner Laczynski in Griffins zone.
14:38 of 1st period - Shot by Jalen Chatfield.
14:38 of 1st period - Stopped by Justus Annunen without a rebound.
14:39 of 1st period - Tanner Laczynski wins face-off versus Jeremy Gregoire in Griffins zone.
15:08 of 1st period - Shot by Joseph Gambardella.
15:08 of 1st period - Shot Misses the Net.
15:10 of 1st period - Shot by Joseph Gambardella.
15:10 of 1st period - Stopped by Justus Annunen with a rebound.
15:12 of 1st period - Shot by Kasper Bjorkqvist.
15:12 of 1st period - Deflect By Joseph Gambardella.
15:12 of 1st period - Shot Misses the Net.
15:57 of 1st period - Shot by Connor Hobbs.
15:57 of 1st period - Stopped by Justus Annunen without a rebound.
15:58 of 1st period - Marc McLaughlin wins face-off versus Jeremy Gregoire in Griffins zone.
16:14 of 1st period - Nick Merkley is hit by Eemeli Rasanen.
16:29 of 1st period - Nikita Jevpalovs is hit by Drew O'Connor and loses puck.
17:01 of 1st period - Shot by Antti Suomela.
17:01 of 1st period - Stopped by Justus Annunen without a rebound.
17:02 of 1st period - Danick Martel wins face-off versus Tanner Laczynski in Griffins zone.
17:05 of 1st period - Shot by Danick Martel.
17:05 of 1st period - Deflect By Michael Mersch.
17:05 of 1st period - Shot Misses the Net.
17:08 of 1st period - Icing by Jack Ahcan.
17:09 of 1st period - Tanner Laczynski wins face-off versus Danick Martel in Griffins zone.
17:14 of 1st period - Michael Mersch is hit by Tyler Benson and loses puck.
17:21 of 1st period - Shot by Tanner Laczynski.
17:21 of 1st period - Stopped by Shane Starrett with a rebound.
17:23 of 1st period - Shot by Pavel Dorofeyev.
17:23 of 1st period - Shot Misses the Net.
17:37 of 1st period - Shot by Jack Ahcan.
17:37 of 1st period - Deflect By Tyler Benson.
17:37 of 1st period - Stopped by Shane Starrett without a rebound.
17:38 of 1st period - Joseph Gambardella wins face-off versus Adam Brooks in Wild zone.
17:38 of 1st period - Joseph Gambardella is hit by A.J. Greer.
18:35 of 1st period - Shot by Ryan Kuffner.
18:35 of 1st period - Shot Blocked by Jake Walman.
18:37 of 1st period - Shot by Ryan Kuffner.
18:37 of 1st period - Stopped by Justus Annunen with a rebound.
18:39 of 1st period - Shot by Ryan Kuffner.
18:39 of 1st period - Shot Misses the Net.
19:03 of 1st period - Shot by Ryan Kuffner.
19:03 of 1st period - Stopped by Justus Annunen with a rebound.
19:17 of 1st period - Shot by Michael Mersch.
19:17 of 1st period - Shot Misses the Net.
19:19 of 1st period - Shot by Ben Thomas.
19:19 of 1st period - Stopped by Justus Annunen without a rebound.
19:20 of 1st period - Marc McLaughlin wins face-off versus Ivan Lodnia in Griffins zone.
19:20 of 1st period - Marc McLaughlin is hit by Ivan Lodnia.
19:41 of 1st period - Ben Thomas is hit by Gabriel Carlsson and loses puck.
Goals for this period are 0 for Griffins vs 2 for Wild.
Shots for this period are 7 for Griffins vs 19 for Wild.

2nd period


0:01 of 2nd period - Jeremy Gregoire wins face-off versus Alexander True in neutral zone.
0:19 of 2nd period - Shot by Nick Merkley.
0:19 of 2nd period - Shot Misses the Net.
0:21 of 2nd period - Shot by Jake Walman.
0:21 of 2nd period - Shot Blocked by Jalen Chatfield.
0:27 of 2nd period - Shot by Drew O'Connor.
0:27 of 2nd period - Shot Blocked by Jalen Chatfield.
0:41 of 2nd period - Shot by Kasper Bjorkqvist.
0:41 of 2nd period - Goal by Kasper Bjorkqvist - Griffins : 0 - Wild : 3.
0:42 of 2nd period - Danick Martel wins face-off versus Adam Brooks in neutral zone.
1:07 of 2nd period - Shot by Anthony Louis.
1:07 of 2nd period - Deflect By Michael Mersch.
1:07 of 2nd period - Stopped by Justus Annunen with a rebound.
1:09 of 2nd period - Shot by Michael Mersch.
1:09 of 2nd period - Shot Blocked by Dylan Coghlan.
1:11 of 2nd period - Shot by Ben Gleason.
1:11 of 2nd period - Stopped by Justus Annunen without a rebound.
1:12 of 2nd period - Tanner Laczynski wins face-off versus Lukas Jasek in Griffins zone.
1:16 of 2nd period - Icing by Gabriel Carlsson.
1:17 of 2nd period - Tanner Laczynski wins face-off versus Lukas Jasek in Griffins zone.
1:24 of 2nd period - Icing by Ryan Kuffner.
1:25 of 2nd period - Fillip Zadina wins face-off versus Lukas Jasek in Wild zone.
2:02 of 2nd period - Shot by Ryan Kuffner.
2:02 of 2nd period - Shot Blocked by Marc McLaughlin.
2:30 of 2nd period - Shot by Tanner Laczynski.
2:30 of 2nd period - Shot Blocked by Ben Gleason.
2:32 of 2nd period - Shot by Tyler Benson.
2:32 of 2nd period - Shot Misses the Net.
2:34 of 2nd period - Shot by Jake Walman.
2:34 of 2nd period - Shot Misses the Net.
2:36 of 2nd period - Shot by Tanner Laczynski.
2:36 of 2nd period - Deflect By Pavel Dorofeyev.
2:36 of 2nd period - Stopped by Shane Starrett without a rebound.
2:37 of 2nd period - Danick Martel wins face-off versus Alexander True in Wild zone.
2:42 of 2nd period - Gabriel Carlsson is hit by Michael Mersch and loses puck.
3:02 of 2nd period - Ben Thomas is hit by Gabriel Carlsson and loses puck.
4:13 of 2nd period - Pavel Dorofeyev is hit by Jeremy Gregoire and loses puck.
4:37 of 2nd period - Shot by Nikita Jevpalovs.
4:37 of 2nd period - Deflect By Ryan Kuffner.
4:37 of 2nd period - Shot Blocked by Sasha Chmelevski.
4:39 of 2nd period - Shot by Nikita Jevpalovs.
4:39 of 2nd period - Shot Blocked by Dylan Coghlan.
4:41 of 2nd period - Shot by Dillon Simpson.
4:41 of 2nd period - Shot Misses the Net.
4:43 of 2nd period - Shot by Ryan Kuffner.
4:43 of 2nd period - Shot Misses the Net.
4:51 of 2nd period - Jalen Chatfield is hit by A.J. Greer and loses puck.
5:25 of 2nd period - Shot by Nick Merkley.
5:25 of 2nd period - Stopped by Shane Starrett without a rebound.
5:26 of 2nd period - Teddy Blueger wins face-off versus Danick Martel in Wild zone.
5:45 of 2nd period - Shot by Anthony Louis.
5:45 of 2nd period - Shot Misses the Net.
5:47 of 2nd period - Shot by Michael Mersch.
5:47 of 2nd period - Shot Misses the Net.
5:56 of 2nd period - Anthony Louis is hit by Jacob Larsson and loses puck.
6:03 of 2nd period - Shot by Danick Martel.
6:03 of 2nd period - Shot Misses the Net.
6:05 of 2nd period - Shot by Michael Mersch.
6:05 of 2nd period - Deflect By Anthony Louis.
6:05 of 2nd period - Shot Misses the Net.
6:07 of 2nd period - Shot by Ben Thomas.
6:07 of 2nd period - Stopped by Justus Annunen without a rebound.
6:08 of 2nd period - Jeremy Gregoire wins face-off versus Nick Merkley in Griffins zone.
6:16 of 2nd period - Jeremy Gregoire is hit by Dylan Coghlan and loses puck.
6:20 of 2nd period - Icing by Parker Wotherspoon.
6:21 of 2nd period - Alexander True wins face-off versus Antti Suomela in Griffins zone.
6:21 of 2nd period - Drew O'Connor is hit by Antti Suomela and loses puck.
6:38 of 2nd period - Antti Suomela is hit by Alexander True.
6:39 of 2nd period - Icing by Antti Suomela.
6:40 of 2nd period - Antti Suomela wins face-off versus Adam Brooks in Wild zone.
6:40 of 2nd period - Antti Suomela is hit by A.J. Greer.
7:01 of 2nd period - Grant Mismash is hit by A.J. Greer and loses puck.
7:35 of 2nd period - Icing by Gabriel Carlsson.
7:36 of 2nd period - Kasper Bjorkqvist wins face-off versus Tyler Benson in Griffins zone.
7:36 of 2nd period - Jeremy Gregoire is hit by Gabriel Carlsson and loses puck.
8:15 of 2nd period - Shot by Tyler Benson.
8:15 of 2nd period - Stopped by Shane Starrett without a rebound.
8:16 of 2nd period - Marc McLaughlin wins face-off versus Danick Martel in Wild zone.
8:28 of 2nd period - Icing by Ben Thomas.
8:29 of 2nd period - Danick Martel wins face-off versus Alexander True in Wild zone.
9:00 of 2nd period - Shot by Alexander True.
9:00 of 2nd period - Shot Misses the Net.
9:46 of 2nd period - Fillip Zadina is hit by Kasper Bjorkqvist.
10:03 of 2nd period - Icing by Dylan Coghlan.
10:04 of 2nd period - Marc McLaughlin wins face-off versus Lukas Jasek in Griffins zone.
10:10 of 2nd period - Parker Wotherspoon is hit by Connor Hobbs and loses puck.
10:44 of 2nd period - Sasha Chmelevski is hit by Connor Hobbs and loses puck.
10:47 of 2nd period - Shot by Sasha Chmelevski.
10:47 of 2nd period - Shot Misses the Net.
11:07 of 2nd period - Shot by Antti Suomela.
11:07 of 2nd period - Shot Misses the Net.
11:41 of 2nd period - Jalen Chatfield is hit by Jake Walman and loses puck.
11:52 of 2nd period - Off-side.
11:53 of 2nd period - Alexander True wins face-off versus Jeremy Gregoire in neutral zone.
11:53 of 2nd period - Nick Merkley is hit by Joseph Gambardella and loses puck.
11:58 of 2nd period - Shot by Jeremy Gregoire.
11:58 of 2nd period - Goal by Jeremy Gregoire - Griffins : 0 - Wild : 4.
11:59 of 2nd period - Alexander True wins face-off versus Jeremy Gregoire in neutral zone.
12:10 of 2nd period - Jeremy Gregoire is hit by Dylan Coghlan and loses puck.
12:32 of 2nd period - Kasper Bjorkqvist is hit by Parker Wotherspoon and loses puck.
12:50 of 2nd period - Drew O'Connor is hit by Jeremy Gregoire and loses puck.
12:58 of 2nd period - Icing by Parker Wotherspoon.
12:59 of 2nd period - Alexander True wins face-off versus Danick Martel in Griffins zone.
12:59 of 2nd period - Alexander True is hit by Michael Mersch.
14:29 of 2nd period - Shot by Ryan Kuffner.
14:29 of 2nd period - Stopped by Justus Annunen with a rebound.
14:36 of 2nd period - Icing by Jack Ahcan.
14:37 of 2nd period - Jeremy Gregoire wins face-off versus Marc McLaughlin in Griffins zone.
15:18 of 2nd period - Icing by Joseph Gambardella.
15:19 of 2nd period - Tanner Laczynski wins face-off versus Jeremy Gregoire in Wild zone.
15:22 of 2nd period - Shot by Tyler Benson.
15:22 of 2nd period - Stopped by Shane Starrett without a rebound.
15:23 of 2nd period - Danick Martel wins face-off versus Pavel Dorofeyev in Wild zone.
15:44 of 2nd period - Shot by Tyler Benson.
15:44 of 2nd period - Shot Misses the Net.
16:00 of 2nd period - Shot by Danick Martel.
16:00 of 2nd period - Shot Misses the Net.
16:30 of 2nd period - Nikita Jevpalovs is hit by Parker Wotherspoon and loses puck.
16:33 of 2nd period - Shot by Nikita Jevpalovs.
16:33 of 2nd period - Goal by Nikita Jevpalovs - Griffins : 0 - Wild : 5.
16:34 of 2nd period - Jeremy Gregoire wins face-off versus Alexander True in neutral zone.
16:39 of 2nd period - Ben Thomas is hit by Alexander True.
16:40 of 2nd period - Icing by Ben Thomas.
16:41 of 2nd period - Jeremy Gregoire wins face-off versus Adam Brooks in Wild zone.
16:41 of 2nd period - Jeremy Gregoire is hit by A.J. Greer.
16:44 of 2nd period - Icing by Joseph Gambardella.
16:45 of 2nd period - Jeremy Gregoire wins face-off versus Adam Brooks in Wild zone.
16:45 of 2nd period - Jeremy Gregoire is hit by A.J. Greer.
16:53 of 2nd period - Shot by Adam Brooks.
16:53 of 2nd period - Shot Misses the Net.
17:12 of 2nd period - Shot by A.J. Greer.
17:12 of 2nd period - Shot Hit the Post.
17:14 of 2nd period - Shot by Adam Brooks.
17:14 of 2nd period - Shot Misses the Net.
17:16 of 2nd period - Shot by Sasha Chmelevski.
17:16 of 2nd period - Stopped by Shane Starrett without a rebound.
17:17 of 2nd period - Tanner Laczynski wins face-off versus Danick Martel in Wild zone.
17:18 of 2nd period - Shot by Tyler Benson.
17:18 of 2nd period - Shot Misses the Net.
17:22 of 2nd period - Shot by Pavel Dorofeyev.
17:22 of 2nd period - Goal by Pavel Dorofeyev - Griffins : 1 - Wild : 5.
17:23 of 2nd period - Alexander True wins face-off versus Danick Martel in neutral zone.
17:35 of 2nd period - Danick Martel is hit by Nick Merkley and loses puck.
17:41 of 2nd period - Nick Merkley is hit by Jalen Chatfield and loses puck.
17:57 of 2nd period - Off-side.
17:58 of 2nd period - Jeremy Gregoire wins face-off versus Tanner Laczynski in neutral zone.
18:01 of 2nd period - Minor Penalty to Jake Walman for Tripping.
18:02 of 2nd period - Jeremy Gregoire wins face-off versus Adam Brooks in Griffins zone.
18:03 of 2nd period - Shot by Ben Gleason.
18:03 of 2nd period - Stopped by Justus Annunen without a rebound.
18:04 of 2nd period - Adam Brooks wins face-off versus Jeremy Gregoire in Griffins zone.
18:25 of 2nd period - Shot by Joseph Gambardella.
18:25 of 2nd period - Deflect By Kasper Bjorkqvist.
18:25 of 2nd period - Stopped by Justus Annunen with a rebound.
18:27 of 2nd period - Shot by Connor Hobbs.
18:27 of 2nd period - Shot Misses the Net.
18:29 of 2nd period - Shot by Connor Hobbs.
18:29 of 2nd period - Shot Misses the Net.
18:31 of 2nd period - Shot by Joseph Gambardella.
18:31 of 2nd period - Stopped by Justus Annunen without a rebound.
18:32 of 2nd period - Danick Martel wins face-off versus Adam Brooks in Griffins zone.
18:55 of 2nd period - Shot by Dillon Simpson.
18:55 of 2nd period - Shot Misses the Net.
18:57 of 2nd period - Shot by Anthony Louis.
18:57 of 2nd period - Shot Misses the Net.
18:59 of 2nd period - Shot by Michael Mersch.
18:59 of 2nd period - Stopped by Justus Annunen without a rebound.
19:00 of 2nd period - Jeremy Gregoire wins face-off versus Tanner Laczynski in Griffins zone.
19:05 of 2nd period - Shot by Ben Gleason.
19:05 of 2nd period - Stopped by Justus Annunen with a rebound.
19:51 of 2nd period - Icing by Jalen Chatfield.
19:52 of 2nd period - Danick Martel wins face-off versus Tanner Laczynski in Wild zone.
Goals for this period are 1 for Griffins vs 3 for Wild.
Shots for this period are 6 for Griffins vs 12 for Wild.

3rd period


0:01 of 3rd period - Danick Martel wins face-off versus Tanner Laczynski in neutral zone.
0:24 of 3rd period - Shot by Tanner Laczynski.
0:24 of 3rd period - Shot Misses the Net.
2:24 of 3rd period - Shot by Fillip Zadina.
2:24 of 3rd period - Deflect By Marc McLaughlin.
2:24 of 3rd period - Shot Misses the Net.
3:18 of 3rd period - Shot by Antti Suomela.
3:18 of 3rd period - Stopped by Justus Annunen without a rebound.
3:19 of 3rd period - Danick Martel wins face-off versus Tanner Laczynski in Griffins zone.
3:32 of 3rd period - Shot by Jalen Chatfield.
3:32 of 3rd period - Shot Blocked by Jack Ahcan.
3:34 of 3rd period - Shot by Michael Mersch.
3:34 of 3rd period - Shot Misses the Net.
3:36 of 3rd period - Shot by Jalen Chatfield.
3:36 of 3rd period - Shot Misses the Net.
4:51 of 3rd period - Icing by Connor Hobbs.
4:52 of 3rd period - Kasper Bjorkqvist wins face-off versus Marc McLaughlin in Wild zone.
4:52 of 3rd period - Kasper Bjorkqvist is hit by Fillip Zadina.
5:42 of 3rd period - Shot by Lukas Jasek.
5:42 of 3rd period - Shot Misses the Net.
5:44 of 3rd period - Shot by Ryan Kuffner.
5:44 of 3rd period - Stopped by Justus Annunen without a rebound.
5:45 of 3rd period - Antti Suomela wins face-off versus Tanner Laczynski in Griffins zone.
6:13 of 3rd period - Tanner Laczynski is hit by Jalen Chatfield and loses puck.
6:24 of 3rd period - Shot by Tanner Laczynski.
6:24 of 3rd period - Deflect By Pavel Dorofeyev.
6:24 of 3rd period - Shot Misses the Net.
6:51 of 3rd period - Shot by Sasha Chmelevski.
6:51 of 3rd period - Stopped by Shane Starrett with a rebound.
6:53 of 3rd period - Shot by Adam Brooks.
6:53 of 3rd period - Goal by Adam Brooks - Griffins : 2 - Wild : 5.
6:54 of 3rd period - Jeremy Gregoire wins face-off versus Alexander True in neutral zone.
7:21 of 3rd period - Shot by Jeremy Gregoire.
7:21 of 3rd period - Stopped by Justus Annunen with a rebound.
7:23 of 3rd period - Shot by Kasper Bjorkqvist.
7:23 of 3rd period - Stopped by Justus Annunen with a rebound.
7:43 of 3rd period - Jacob Larsson is hit by Anthony Louis and loses puck.
7:48 of 3rd period - Shot by Danick Martel.
7:48 of 3rd period - Shot Blocked by Jacob Larsson.
7:50 of 3rd period - Shot by Ben Thomas.
7:50 of 3rd period - Shot Blocked by Drew O'Connor.
7:52 of 3rd period - Shot by Michael Mersch.
7:52 of 3rd period - Shot Misses the Net.
8:09 of 3rd period - Shot by Michael Mersch.
8:09 of 3rd period - Stopped by Justus Annunen without a rebound.
8:10 of 3rd period - Lukas Jasek wins face-off versus Marc McLaughlin in Griffins zone.
8:21 of 3rd period - Shot by Lukas Jasek.
8:21 of 3rd period - Shot Misses the Net.
8:55 of 3rd period - Ben Thomas is hit by Teddy Blueger and loses puck.
9:14 of 3rd period - Shot by Adam Brooks.
9:14 of 3rd period - Shot Blocked by Ben Thomas.
9:16 of 3rd period - Shot by A.J. Greer.
9:16 of 3rd period - Stopped by Shane Starrett with a rebound.
10:09 of 3rd period - Michael Mersch is hit by Pavel Dorofeyev and loses puck.
10:48 of 3rd period - Shot by Drew O'Connor.
10:48 of 3rd period - Stopped by Shane Starrett without a rebound.
10:49 of 3rd period - Lukas Jasek wins face-off versus Marc McLaughlin in Wild zone.
12:14 of 3rd period - Grant Mismash is hit by A.J. Greer and loses puck.
12:46 of 3rd period - Off-side.
12:47 of 3rd period - Alexander True wins face-off versus Jeremy Gregoire in neutral zone.
12:47 of 3rd period - Alexander True is hit by Jeremy Gregoire.
12:48 of 3rd period - Minor Penalty to Jeremy Gregoire for High sticking.
12:48 of 3rd period - Minor Penalty to Drew O'Connor for Tripping.
12:49 of 3rd period - Lukas Jasek wins face-off versus Alexander True in neutral zone.
13:03 of 3rd period - Shot by Joseph Gambardella.
13:03 of 3rd period - Deflect By Lukas Jasek.
13:03 of 3rd period - Stopped by Justus Annunen without a rebound.
13:04 of 3rd period - Lukas Jasek wins face-off versus Alexander True in Griffins zone.
13:57 of 3rd period - Shot by Ryan Kuffner.
13:57 of 3rd period - Stopped by Justus Annunen without a rebound.
13:58 of 3rd period - Antti Suomela wins face-off versus Teddy Blueger in Griffins zone.
14:13 of 3rd period - Icing by Antti Suomela.
14:14 of 3rd period - Alexander True wins face-off versus Antti Suomela in Wild zone.
14:19 of 3rd period - Shot by Fillip Zadina.
14:19 of 3rd period - Stopped by Shane Starrett with a rebound.
14:39 of 3rd period - Shot by Fillip Zadina.
14:39 of 3rd period - Shot Hit the Post.
15:25 of 3rd period - Shot by Danick Martel.
15:25 of 3rd period - Stopped by Justus Annunen without a rebound.
15:26 of 3rd period - Lukas Jasek wins face-off versus Adam Brooks in Griffins zone.
15:26 of 3rd period - Ryan Kuffner is hit by Jake Walman and loses puck.
15:46 of 3rd period - Shot by Sasha Chmelevski.
15:46 of 3rd period - Stopped by Shane Starrett without a rebound.
15:47 of 3rd period - Antti Suomela wins face-off versus Marc McLaughlin in Wild zone.
16:25 of 3rd period - Shot by Teddy Blueger.
16:25 of 3rd period - Shot Blocked by Connor Hobbs.
16:48 of 3rd period - Nick Merkley is hit by Connor Hobbs.
17:01 of 3rd period - Shot by Drew O'Connor.
17:01 of 3rd period - Goal by Drew O'Connor - Griffins : 3 - Wild : 5.
17:02 of 3rd period - Tanner Laczynski wins face-off versus Jeremy Gregoire in neutral zone.
17:22 of 3rd period - Pavel Dorofeyev is hit by Jalen Chatfield and loses puck.
17:41 of 3rd period - Shot by Jeremy Gregoire.
17:41 of 3rd period - Stopped by Justus Annunen without a rebound.
17:42 of 3rd period - Alexander True wins face-off versus Michael Mersch in Griffins zone.
18:04 of 3rd period - Michael Mersch is hit by Parker Wotherspoon.
18:11 of 3rd period - Anthony Louis is hit by Parker Wotherspoon and loses puck.
18:20 of 3rd period - Shot by Danick Martel.
18:20 of 3rd period - Shot Blocked by Drew O'Connor.
18:22 of 3rd period - Shot by Anthony Louis.
18:22 of 3rd period - Shot Misses the Net.
18:24 of 3rd period - Shot by Ben Thomas.
18:24 of 3rd period - Shot Misses the Net.
18:40 of 3rd period - Ryan Kuffner is hit by Alexander True and loses puck.
18:49 of 3rd period - Shot by Ryan Kuffner.
18:49 of 3rd period - Stopped by Justus Annunen with a rebound.
19:17 of 3rd period - Shot by Jeremy Gregoire.
19:17 of 3rd period - Shot Misses the Net.
19:19 of 3rd period - Shot by Kasper Bjorkqvist.
19:19 of 3rd period - Stopped by Justus Annunen with a rebound.
19:29 of 3rd period - Shot by Kasper Bjorkqvist.
19:29 of 3rd period - Deflect By Joseph Gambardella.
19:29 of 3rd period - Stopped by Justus Annunen without a rebound.
19:30 of 3rd period - Adam Brooks wins face-off versus Antti Suomela in Griffins zone.
19:45 of 3rd period - Antti Suomela is hit by Adam Brooks and loses puck.
19:58 of 3rd period - Shot by Sasha Chmelevski.
19:58 of 3rd period - Shot Blocked by Eemeli Rasanen.
Goals for this period are 2 for Griffins vs 0 for Wild.
Shots for this period are 7 for Griffins vs 12 for Wild.